 Dungeon Crawl Stone Soup version 0.26-a0-1126-g3318b609a0 (webtiles) character file.

Game seed: 17756597338565985539

86 scholarmage0 the Poker (level 4, -2/41 HPs)
             Began as a Minotaur Monk on Dec 18, 2020.
             Slain by Grinder (5 damage)
             ... on level 3 of the Dungeon.
             The game lasted 00:20:40 (1850 turns).

scholarmage0 the Poker (Minotaur Monk)              Turns: 1850, Time: 00:20:41

Health: -2/41      AC:  2    Str: 16    XL:     4   Next: 27%
Magic:  3/3        EV: 14    Int:  7    God:
Gold:   140        SH:  0    Dex: 13    Spells: 3/3 levels left

rFire    . . .     SeeInvis .   a - +0 spear
rCold    . . .     Faith    .   (no shield)
rNeg     . . .     Spirit   .   b - +0 robe
rPois    .         Reflect  .   (helmet restricted)
rElec    .         Harm     .   (no cloak)
rCorr    .         Rampage  .   (no gloves)
Will     .....                  (no boots)
Stlth    ++........             j - amulet of magic regeneration
HPRegen  0.13/turn              p - +4 ring of slaying
MPRegen  0.33/turn              (no ring)

@: no status effects
A: retaliatory headbutt, horns 2
a: no special abilities


You were on level 3 of the Dungeon.
You visited 1 branch of the dungeon, and saw 3 of its levels.

You collected 140 gold pieces.

Inventory:

Hand Weapons
 a - a +0 spear (weapon)
 e - a +0 hunting sling
 f - a +0 club
 h - a +0 short sword
 i - a +0 club
 r - a +0 flail
 u - a +0 dagger
 v - a +0 club
Missiles
 c - 30 stones (quivered)
Armour
 b - a +0 robe (worn)
 k - a +0 ring mail
 s - a +0 plate armour
 w - a +0 robe
 x - a +0 ring mail
Jewellery
 j - an amulet of magic regeneration (around neck)
 p - a +4 ring of slaying (left hand)
Scrolls
 d - 2 scrolls of identify
 g - 2 scrolls of remove curse {unknown}
 l - a scroll of enchant armour {unknown}
 n - 2 scrolls of magic mapping {unknown}
 o - 2 scrolls of teleportation {unknown}
 q - a scroll of fear {unknown}
 t - a scroll of fog {unknown}
Potions
 m - 2 potions of ambrosia


   Skills:
 + Level 4.3 Fighting
 + Level 4.3 Polearms
 + Level 1.2 Throwing
 + Level 4.1 Dodging
 + Level 1.9 Stealth


You had 3 spell levels left.
You didn't know any spells.
Your spell library was empty.

Dungeon Overview and Level Annotations

Branches:
Dungeon (3/15)

Altars:

Annotations:
D:3 Grinder


Innate Abilities, Weirdness & Mutations

You reflexively headbutt those who attack you in melee.
You have a pair of horns on your head.


Message History

You hit Grinder but do no damage.
Grinder is moderately wounded.
Grinder gestures at you.
You barely resist. You hit Grinder.
Grinder is moderately wounded.
Grinder barely misses you.
You hit Grinder.
Grinder is moderately wounded.
Grinder barely misses you. You furiously retaliate!
You headbutt Grinder. You hit Grinder. You headbutt Grinder.
Grinder is heavily wounded.
Grinder hits you.
You writhe in agony.
* * * LOW HITPOINT WARNING * * *
You hit Grinder but do no damage. You headbutt Grinder!
Grinder is severely wounded.
Grinder hits you!
* * * LOW HITPOINT WARNING * * *
You writhe in agony.
You die...

#.###
#(#.
#(..
...
#.?
#.#
#)#
##5#
#.@#
#<##
#.#
...
##.##
#.#
###


You could see Grinder.

Vanquished Creatures
  Jessica (D:2)
  2 adders (D:2)
  2 leopard geckos
  An orc (D:3)
  7 bats
  5 goblins
  3 hobgoblins
  4 jackals (D:1)
  A quokka (D:2)
  5 frilled lizards
  5 kobolds
  6 rats
42 creatures vanquished.

Notes
Turn   | Place    | Note
-------+----------+-------------------------------------------
     0 | D:1      | scholarmage0 the Minotaur Monk began the quest for the Orb.
     0 | D:1      | Reached XP level 1. HP: 19/19 MP: 0/0
   352 | D:1      | Reached XP level 2. HP: 20/27 MP: 1/1
  1279 | D:2      | Reached XP level 3. HP: 32/33 MP: 2/2
  1585 | D:2      | Reached skill level 1 in Throwing
  1737 | D:2      | Noticed Jessica
  1740 | D:2      | Killed Jessica
  1741 | D:2      | Reached XP level 4. HP: 33/41 MP: 3/3
  1829 | D:3      | Noticed Grinder
  1836 | D:3      | Paralysed by Grinder for 7 turns
  1850 | D:3      | Slain by Grinder

Illustrated notes

Levels and vault maps discovered:
D:1:      minmay_arrival_four_loops, layout_basic
D:2:      layout_loops_ring, chequers_ecumenical_altar_twisty, uniq_jessica
D:3:      layout_loops_ring, nicolae_qazlal_style_of_elements, uniq_ijyb,
          uniq_crazy_yiuf_cottage, uniq_grinder, uniq_natasha

Skill      XL: |  1  2  3 |
---------------+----------+-----
Fighting       | 4 |  4.3
Polearms       | 4 |  4.3
Dodging        | 4 |  4.1
Throwing       | 1 |  1.2
Stealth        | |  1.9

Action                   |  1- 3 |  4- 6 || total
-------------------------+-------+-------++-------
Melee: Spear             |    54 |     8 ||    62
       Headbutt          |     5 |     3 ||     8
 Fire: Hunting sling     |       |     4 ||     4
Throw: Stone             |    60 |       ||    60
  Use: Scroll            |     2 |       ||     2
       Potion            |     2 |       ||     2
 Stab: Sleeping          |     1 |       ||     1
Armor: Robe              |    10 |       ||    10
Dodge: Dodged            |    63 |     3 ||    66

Table legend: (Time is in decaauts)
 A = Elapsed time spent in this place.
 B = Non-inter-level travel time spent in this place.
 C = Inter-level travel time spent in this place.
 D = Time resting spent in this place.
 E = Time spent auto-exploring this place.
 F = Levels seen in this place.
 G = Mean time per level.
                   A        B        C        D        E       F      G
               +--------+--------+--------+--------+--------+-----+--------+
         Total |   1847 |   1791 |     56 |      0 |      0 |   3 |  615.7 |
       Dungeon |   1847 |   1791 |     56 |      0 |      0 |   3 |  615.7 |
               +--------+--------+--------+--------+--------+-----+--------+

Top non-repeatable levels by time:
     D:1: 1276 daAuts
     D:2: 547 daAuts
     D:3: 24 daAuts
